 Dungeon Crawl Stone Soup version 0.17.1-2-g5865329 (webtiles) character file.

114 ololoev the Chopper (level 4, 33/35 HPs)
             Began as a Demonspawn Fighter on Feb 9, 2016.
             Was an Initiate of Makhleb.
             Quit the game on level 5 of the Dungeon.
             The game lasted 00:03:03 (459 turns).

ololoev the Chopper (Demonspawn Fighter)             Turns: 459, Time: 00:03:03

Health: 33/35      AC: 11    Str: 17    XL:     4   Next: 67%
Magic:  4/4        EV:  4    Int:  9    God:    Makhleb [......]
Gold:   41         SH:  8    Dex: 13    Spells: 0 memorised, 3 levels left

rFire  . . .     SeeInvis .     a - +0 war axe
rCold  + . .     Clarity  .     k - +0 chain mail
rNeg   . . .     SustAt   .     c - +0 shield
rPois  .         Gourm    .     (no helmet)
rElec  .         Spirit   .     (no cloak)
rCorr  .         Warding  .     (no gloves)
rMut   .         Stasis   .     (no boots)
MR     .....                    (no amulet)
Stlth  ..........               (no ring)
                                (no ring)

@: not resistant to hostile enchantments, extremely unstealthy
A: thin metallic scales 1, cold resistance 1, nightstalker 1
a: Renounce Religion


Innate Abilities, Weirdness & Mutations

You are partially covered in thin metallic scales (AC +2).
Your flesh is cold resistant.
You are slightly more attuned to the shadows.

Inventory:

Hand Weapons
 a - a +0 war axe (weapon)
Missiles
 l - 8 poisoned tomahawks (quivered)
Armour
 c - a +0 shield (worn)
 k - a +0 chain mail (worn)
Scrolls
 b - 2 scrolls of identify {unknown}
 g - 2 scrolls of fear {unknown}
 h - a scroll of enchant armour {unknown}
Potions
 d - a potion of might
 f - a potion of degeneration {unknown}
 j - a potion of cancellation {unknown}
 m - a potion of poison {unknown}
Comestibles
 e - a bread ration
 i - a beef jerky
 n - 3 chunks of flesh


   Skills:
 - Level 3.0 Fighting
 * Level 3.5 Axes
 + Level 1.3 Throwing
 + Level 3.3 Armour
 - Level 2.6 Shields
 + Level 1.0 Invocations


You had 3 spell levels left.
You didn't know any spells.


You were on level 5 of the Dungeon.
You worshipped Makhleb.
Makhleb was noncommittal.
You were not hungry.

You visited 1 branch of the dungeon, and saw 5 of its levels.

You collected 41 gold pieces.

#.# #. #.# # # ....
... .#(#### # #...
##.#...# #... #..>.#.#
#...# #...... ##
#...###### #...#.#...
.........####)..#.#...
........†..@..........
.........#####........
#....##### ##........
#.... #....#.### #...
#....#.# ### #...
#...##.######.## ...
##.#...........#
#.....######.##
#.......## #......

Notes
Turn   | Place    | Note
--------------------------------------------------------------
     0 | D:1      | ololoev the Demonspawn Fighter began the quest for the Orb.
     0 | D:1      | Reached XP level 1. HP: 18/18 MP: 1/1
   191 | D:1      | Gained mutation: Your flesh is cold resistant. [demonic ancestry]
   191 | D:1      | Reached XP level 2. HP: 18/24 MP: 2/2
   343 | D:3      | Gained mutation: You are partially covered in thin metallic scales (AC +2). [demonic ancestry]
   343 | D:3      | Reached XP level 3. HP: 21/29 MP: 3/3
   353 | D:5      | Entered Level 5 of the Dungeon
   372 | D:4      | Found a burning altar of Makhleb.
   379 | D:4      | Reached skill level 1 in Throwing
   387 | D:4      | Became a worshipper of Makhleb the Destroyer
   441 | D:5      | Noticed a scorpion
   445 | D:5      | Gained mutation: You are slightly more attuned to the shadows. [demonic ancestry]
   445 | D:5      | Reached XP level 4. HP: 32/35 MP: 4/4
   451 | D:5      | Killed a scorpion
   451 | D:5      | Reached skill level 1 in Invocations
   459 | D:5      | Quit the game

Dungeon Overview and Level Annotations

Branches:
Dungeon (5/15)
 Temple: D:4-7

Altars:
Makhleb


Message History

Found a scroll labeled YNU OR LEBAN.
There is a stone staircase leading up here.
Found a club.
b - 2 scrolls labeled YNU OR LEBAN (gained 1)
You see here a club.
Found a scroll labeled MITEVUM KOEG.
g - 2 scrolls labeled MITEVUM KOEG (gained 1)
Found a spear.
Found a stone staircase leading down.
Found 18 stones.
A scorpion comes into view.
A giant gecko comes into view.
You slash the giant gecko!
You kill the giant gecko!
Makhleb accepts your kill.
You have reached level 4!
You feel agile.
Your demonic ancestry asserts itself...
You slip into the darkness of the dungeon.
You see here a giant gecko corpse.
Throwing (i - inventory):
l - 8 poisoned tomahawks (quivered)
Press: ? - help, Shift-Dir - straight line, f - scorpion
Aim: a scorpion You throw a poisoned tomahawk.
The poisoned tomahawk hits the scorpion.
The scorpion is poisoned.
The scorpion is moderately wounded.
Throwing (i - inventory):
l - 7 poisoned tomahawks (quivered)
Press: ? - help, Shift-Dir - straight line, f/p - scorpion
Aim: a scorpion (heavily wounded, poisoned)
You throw a poisoned tomahawk.
The poisoned tomahawk hits the scorpion.
The scorpion looks even sicker.
The scorpion is severely wounded.
You kill the scorpion!
Makhleb accepts your kill.
Your Invocations skill increases to level 1!
You see here a giant gecko corpse.
l - 7 poisoned tomahawks (gained 1)
l - 8 poisoned tomahawks (gained 1) Are you sure you want to abandon this character and quit the game? (Confirm with "yes".)

There were no monsters in sight!

Vanquished Creatures
  A scorpion (D:5)
  A worker ant (D:4)
  3 adders
  A worm (D:3)
  2 giant geckos
  An orc (D:4)
  A ball python (D:3)
  A giant cockroach (D:1)
  A hobgoblin (D:1)
  A jackal (D:1)
  2 bats (D:1)
  A kobold (D:1)
  4 rats
20 creatures vanquished.

Action                   |  1- 3 |  4- 6 || total
-------------------------+-------+-------++-------
Melee: War axe           |    68 |       ||    68
Throw: Tomahawk          |    10 |     2 ||    12

Vault maps used:
D:1:      dpeg_arrival_brainrot
D:2:      serial_bayou_lake_a, uniq_sigmund, uniq_jessica
D:3:      hangedman_abyss_or_decor_lesser_grid
D:4:      hangedman_abyss_or_decor_stagger, bloody_makhleb
D:5:      minmay_temple_entry_butterflies, first_bread
